 Dungeon Crawl Stone Soup version 0.27-a0-279-gdfb9265905 (webtiles) character file.

Game seed: 7671128778219438414

589 vurker the Ruffian (level 7, -5/70 HPs)
             Began as a Troll Chaos Knight on Feb 7, 2021.
             Slain by a sixfirhy (8 damage)
             ... summoned by Xom
             ... on level 3 of the Dungeon.
             The game lasted 00:05:21 (3309 turns).

vurker the Ruffian (Troll Chaos Knight)             Turns: 3309, Time: 00:05:21

Health: -5/70      AC:  8    Str: 21    XL:     7   Next: 15%
Magic:  6/6        EV:  7    Int:  8    God:
Gold:   197        SH:  8    Dex:  9    Spells: 6/6 levels left

rFire    . . .     SeeInvis .     - Unarmed
rCold    . . .     Faith    .   m - +0 kite shield
rNeg     . . .     Spirit   .   a - +2 robe
rPois    .         Reflect  .   (helmet restricted)
rElec    .         Harm     .   (no cloak)
rCorr    +         Rampage  .   (gloves unavailable)
Will     +....                  (boots unavailable)
Stlth    +.........             (no amulet)
HPRegen  0.61/turn              (no ring)
MPRegen  0.10/turn              j - ring of resist corrosion

@: slowed, very slow
A: large, unfitting armour, claws 3, talons 1, deterioration 1, strong-willed 1,
regeneration 1, screaming 1, shaggy fur 1, tough skin 3, weak 1
a: no special abilities


You were on level 3 of the Dungeon.
You visited 1 branch of the dungeon, and saw 4 of its levels.
You also visited: Sewer.

You collected 197 gold pieces.

Inventory:

Armour
 a - a +2 robe (worn)
 m - a +0 kite shield (worn)
   (You found it on level 3 of the Dungeon)
Jewellery
 j - a ring of resist corrosion (right claw)
   (You found it on level 2 of the Dungeon)
Scrolls
 b - 2 scrolls of identify
 d - 2 scrolls of teleportation {unknown}
 e - 2 scrolls of remove curse
 g - a scroll of random uselessness {unknown}
 h - a scroll of enchant armour {unknown}
 i - 2 scrolls of fear {unknown}
 o - a scroll of blinking {unknown}
Potions
 c - a potion of heal wounds
 f - a potion of cancellation
 k - 3 potions of haste {unknown}
 l - a potion of curing {unknown}
 n - a potion of brilliance {unknown}
 p - a potion of resistance {unknown}


   Skills:
 + Level 4.1 Fighting
 - Level 1.9 Dodging
 + Level 2.1 Shields
 * Level 6.5 Unarmed Combat


You had 6 spell levels left.
You didn't know any spells.
Your spell library contained the following spells:

 Spells                   Type           Power        Failure   Level
 Magic Dart               Conj           0%           88%         1
 Blink                    Tloc           N/A          96%         2
 Call Imp                 Summ           0%           96%         2
 Slow                     Hex            0%           96%         2
 Conjure Flame            Conj/Fire      0%           99%         3
 Mephitic Cloud           Conj/Pois/Air  0%           99%         3


Dungeon Overview and Level Annotations

Branches:
Dungeon (4/15)              Sewer (visited)
 Temple: D:4-7

Altars:
The Shining One

Annotations:
D:4 Dowan, Duvessa


Innate Abilities, Weirdness & Mutations

You are too large for most types of armour.
You have claws for hands.
Your natural rate of healing is unusually fast.
You are covered in fur. (AC +1)
You have extremely tough skin. (AC +3)
You have sharp toenails.
Your body sometimes deteriorates upon taking damage.
You are strong-willed. (Will+)
You occasionally shout uncontrollably at your foes.
You are weak. (Str -2)


Message History

You are poisoned.
The orc shouts!
You scratch Duvessa but do no damage. You claw Duvessa, but do no damage.
You feel sick.
You hear a shout!
Duvessa hits you with a +0 rapier of venom.
You are more poisoned.
You scratch Duvessa. Your kick misses Duvessa.
You feel sick. You block Duvessa's attack.
You scratch Duvessa but do no damage. You claw Duvessa, but do no damage.
You feel sick.
Duvessa hits you with a +0 rapier of venom.
You are more poisoned.
You scratch Duvessa but do no damage.
You feel sick.
Duvessa hits you with a +0 rapier of venom.
You are more poisoned.
You scratch Duvessa.
You feel very sick. Duvessa barely misses you.
An orc comes into view. It is wielding a +0 flail.
You feel very sick. You block Duvessa's attack.
You climb upwards.
You feel very sick.
There is a stone staircase leading down here.
You start resting.
You feel sick. x27
You are no longer poisoned.
You start resting. "Fight to survive, mortal."
The divine experience drains your vigour!
You feel yourself slow down.
Unknown command.
The sixfirhy hits you! The sixfirhy shocks you! The sixfirhy hits you!
* * * LOW HITPOINT WARNING * * *
The sixfirhy shocks you!
* * * LOW HITPOINT WARNING * * *
The sixfirhy hits you!
* * * LOW HITPOINT WARNING * * *
The sixfirhy shocks you!
* * * LOW HITPOINT WARNING * * *
You block the sixfirhy's attack.
The sixfirhy hits you but does no damage.
The shadow imp hits you but does no damage.
The white imp closely misses you.
The crimson imp blinks!
The sixfirhy barely misses you.
The shadow imp hits you but does no damage.
The iron imp grins evilly.
The crimson imp shouts, "Away with thee, thou mangled knotty-pated skainsmate!"
The sixfirhy hits you!
You die...

##.###....# #.......#.###(.)
##......##.#####..##.....##..##
##≈#..######.##.........#.###..##
≈≈≈#..# #.#..5.......#.# #.#..
≈####.# #.#..3555).....###...#
≈#.##.# #.#.54555......##..###
≈.###.# #...#55...........###.
≈..##.# #...#.3.......#.....#.
≈.≈.#.# #...#@........##.##...
..≈.#.######...#.........##......
≈............###.........#######.
≈≈.≈.######### #<........# #.
≈....# #.........# #. ≈≈.≈.#
#.........# #. ≈≈...# ##.......##
## ≈....# ##.....## ≈≈.≈.#
#######


You could see a sixfirhy (summoned), a ynoxinul (summoned), a chaos spawn
(summoned), 2 iron imps, a quasit (summoned), 2 crimson imps, a white imp
(summoned), 3 shadow imps and an ufetubus (summoned).

Vanquished Creatures
  Purgy (Sewer)
  An ice beast (D:4)
  An iguana (D:4)
  6 orc wizards
  A worker ant (D:4)
  Robin (D:4)
  A river rat (D:4)
  4 adders
  2 worms (D:2)
  5 dart slugs
  3 leopard geckos
  16 orcs
  2 ball pythons (Sewer)
  2 giant cockroaches
  17 goblins
  13 hobgoblins
  2 jackals (D:3)
  7 bats
  6 frilled lizards (Sewer)
  2 kobolds (D:1)
  5 rats
98 creatures vanquished.

Vanquished Creatures (others)
  An orc wizard (D:4)
1 creature vanquished.

Grand Total: 99 creatures vanquished

Notes
Turn   | Place    | Note
-------+----------+-------------------------------------------
     0 | D:1      | vurker the Troll Chaos Knight began the quest for the Orb.
     0 | D:1      | Reached XP level 1. HP: 22/22 MP: 0/0
     0 | D:1      | Fell from the grace of Xom
   257 | D:1      | Reached XP level 2. HP: 29/29 MP: 1/1
   368 | D:1      | Found a glowing golden altar of the Shining One.
   751 | D:2      | Reached XP level 3. HP: 28/36 MP: 2/2
   850 | D:2      | XOM: 1-stop teleportation journey
   943 | D:2      | Reached skill level 4 in Unarmed Combat
   995 | D:2      | XOM: divination: magic mapping
  1127 | D:2      | XOM: give mutations
  1127 | D:2      | Gained mutation: You occasionally shout uncontrollably at
                  | your foes. [Xom's mischief]
  1127 | D:2      | Gained mutation: Your body sometimes deteriorates upon
                  | taking damage. [Xom's mischief]
  1127 | D:2      | Gained mutation: You have sharp toenails. [Xom's mischief]
  1637 | D:3      | Reached XP level 4. HP: 45/45 MP: 3/3
  1750 | D:3      | XOM: torment (24/45 hp)
  1802 | D:3      | XOM: summons 1 hostile demon
  1825 | D:3      | XOM: give mutations
  1825 | D:3      | Gained mutation: You are strong-willed. (Will+) [Xom's
                  | mischief]
  1825 | D:3      | Gained mutation: You are weak. (Str -2) [Xom's mischief]
  2161 | D:3      | Reached skill level 5 in Unarmed Combat
  2161 | D:3      | Reached XP level 5. HP: 45/53 MP: 4/4
  2309 | D:4      | Noticed an ice beast
  2327 | D:4      | Killed an ice beast
  2328 | D:4      | Reached skill level 1 in Shields
  2469 | D:4      | Reached XP level 6. HP: 61/62 MP: 5/5
  2581 | D:4      | Found a glowing drain.
  2585 | Sewer    | Entered a sewer
  2603 | Sewer    | XOM: noise
  2697 | Sewer    | Noticed Purgy
  2714 | Sewer    | Killed Purgy
  2715 | Sewer    | Reached skill level 6 in Unarmed Combat
  2853 | D:4      | Noticed Robin
  2882 | D:4      | Killed Robin
  2959 | D:4      | Reached XP level 7. HP: 58/70 MP: 6/6
  3036 | D:4      | Noticed Dowan
  3210 | D:4      | Noticed Duvessa
  3305 | D:3      | XOM: summons 14 hostile demons
  3306 | D:3      | Noticed a chaos spawn
  3306 | D:3      | Noticed a ynoxinul
  3306 | D:3      | Noticed a sixfirhy
  3307 | D:3      | HP: 1/70 [sixfirhy[Xom] (10)]
  3309 | D:3      | Slain by a sixfirhy

Illustrated notes

Levels and vault maps discovered:
D:1:      mushboom_english_gardens, layout_loops_ring, tso_metal_star
D:2:      layout_basic
D:3:      layout_rooms, serial_rivers, chequers_serial_rivers_small_a,
          chequers_serial_rivers_micro_a, chequers_serial_rivers_small_3,
          chequers_serial_rivers_small_3, chequers_serial_rivers_micro_c,
          chequers_serial_rivers_micro_b
D:4:      layout_rooms, gup_sewer_entry_bowl, uniq_duvessa, uniq_robin

Skill      XL: |  1  2  3  4  5  6 |
---------------+-------------------+-----
Unarmed Combat | 4 5 6 |  6.5
Fighting       | 3 4 |  4.1
Shields        | 1 2 |  2.1
Dodging        | |  1.9

Action                   |  1- 3 |  4- 6 |  7- 9 || total
-------------------------+-------+-------+-------++-------
Melee: Unarmed           |    99 |   170 |    31 ||   300
       Kick              |     6 |    26 |     7 ||    39
       Punch             |       |     1 |       ||     1
Invok: Renounce Religion |     1 |       |       ||     1
  Use: Scroll            |       |     3 |       ||     3
Armor: Robe              |    37 |    97 |    15 ||   149
Dodge: Dodged            |    33 |    53 |     5 ||    91
Block: Kite shield       |       |    60 |    12 ||    72

Table legend: (Time is in decaauts)
 A = Elapsed time spent in this place.
 B = Non-inter-level travel time spent in this place.
 C = Inter-level travel time spent in this place.
 D = Time resting spent in this place.
 E = Time spent auto-exploring this place.
 F = Levels seen in this place.
 G = Mean time per level.
                   A        B        C        D        E       F      G
               +--------+--------+--------+--------+--------+-----+--------+
         Total |   3382 |   3283 |     99 |    158 |   2342 |   5 |  676.4 |
       Dungeon |   3136 |   3037 |     99 |    158 |   2196 |   4 |  784.0 |
         Sewer |    246 |    246 |      0 |      0 |    145 |   1 |  246.0 |
               +--------+--------+--------+--------+--------+-----+--------+

Top non-repeatable levels by time:
     D:3: 937 daAuts
     D:2: 881 daAuts
     D:1: 708 daAuts
     D:4: 608 daAuts
   Sewer: 246 daAuts
